 Dungeon Crawl Stone Soup version 0.30-a0-1176-gcdfb0321a8 (webtiles) character file.

Game seed: 11247290680568670045

1701 Lavandula the Reanimator (level 8, 0/64 HPs)
             Began as a Mummy Necromancer on Apr 29, 2023.
             Slain by a kobold brigand
             ... wielding a +0 war axe
              (6 damage)
             ... in a bailey.
             The game lasted 00:15:14 (5683 turns).

Lavandula the Reanimator (Mummy Necromancer)        Turns: 5683, Time: 00:15:15

Health: 0/64       AC:  5    Str: 19    XL:     8   Next: 73%
Magic:  1/16       EV: 13    Int: 16    God:
Gold:   232        SH:  0    Dex: 13    Spells: 0/17 levels left

rFire   x . .        d - +5 falchion
rCold   + + .        (no shield)
rNeg    + + +        h - +3 robe "Pikumali" {Will+ Str+2}
rPois   ∞            (no helmet)
rElec   .            (no cloak)
rCorr   .            (no gloves)
SInv    .            (no boots)
Will    ++...        (no amulet)
Stlth   ++           f - +6 ring of strength
HPRegen 0.30/turn    m - ring of protection from cold
MPRegen 0.15/turn

%: faith
@: animating dead
A: cold resistance 1, negative energy resistance 3, torment resistance 2, heat
vulnerability 1, in touch with death 1, no potions, faith
a: no special abilities


You were in a bailey.
You visited 1 branch of the dungeon, and saw 7 of its levels.
You also visited: Bailey.

You collected 232 gold pieces.

Inventory:

Hand Weapons
 d - a +5 falchion (weapon)
 e - a +2 hand axe of electrocution
Missiles
 p - 10 poisoned darts
Armour
 h - the +3 robe "Pikumali" (worn) {Will+ Str+2}
   (You found it on level 2 of the Dungeon)

   Str:       It affects your strength (+2).
   Will:      It increases your willpower.
 k - a +2 leather armour of cold resistance
Jewellery
 f - a +6 ring of strength (left hand)
 m - a ring of protection from cold (right hand)
Wands
 n - a wand of polymorph (7)
 o - a wand of light (8)
Scrolls
 a - a scroll of blinking
 b - a scroll of fear {unknown}
 c - a scroll of vulnerability {unknown}
 g - 7 scrolls of enchant weapon
 i - 2 scrolls of torment
 j - 3 scrolls of enchant armour
 l - a scroll of summoning


   Skills:
 - Level 5.7 Fighting
 - Level 4.0 Dodging
 - Level 1.5 Stealth
 - Level 5.4 Spellcasting
 - Level 8.0 Necromancy
 + Level 1.7 Air Magic


You couldn't memorise any spells.
You knew the following spells:

 Your Spells              Type           Power      Damage    Failure   Level
a - Necrotise             Necr           100%       1d9       1%          1
b - Vampiric Draining     Necr           45%        2d9       1%          3
c - Animate Dead          Necr           45%        N/A       5%          4
d - Agony                 Necr           45%        N/A       16%         5
e - Airstrike             Air            4%         2d(1-17)  58%         4

Your spell library contained the following spells:

 Spells                   Type           Power      Damage    Failure   Level
 Static Discharge         Conj/Air       14%        2-3/arc   16%         2
 Summon Lightning Spire   Summ/Air       7%         N/A       71%         4


Dungeon Overview and Level Annotations

Branches:
Dungeon (7/15)             Bailey (1/1)
 Temple: D:4-7

Altars:
Ashenzari

Shops:
D:6 !


Innate Abilities, Weirdness & Mutations

You are immune to poison.
Your flesh is cold resistant. (rC+)
You are immune to negative energy. (rN+++)
You are immune to unholy pain and torment.
You are vulnerable to heat. (rF-)
You are in touch with the powers of death.
You do not drink.
You have a special connection with the divine. (Faith)


Message History

The kobold brigand is heavily wounded.
The kobold brigand hits you with a +0 war axe.
The kobold brigand hits your kobold brigand zombie with a +0 war axe.
The kobold brigand hits you with a +0 war axe.
The kobold brigand hits your kobold brigand zombie with a +0 war axe.
Your kobold brigand zombie completely misses the kobold brigand.
Aiming: Bolt of Light
Press: ? - help, Shift-Dir - straight line, f - kobold, p - kobold brigand
Aim: a kobold, quivering boomerangs (64% to hit)
The bolt of light hits the kobold brigand!
The kobold brigand is moderately wounded.
The kobold brigand is blinded.
The bolt of light hits the kobold!
You kill the kobold!
The dead are walking!
The kobold brigand barely misses you.
The kobold brigand hits your kobold brigand zombie with a +0 war axe!
The kobold brigand closely misses you.
The kobold brigand barely misses your kobold brigand zombie.
You hit the kobold brigand.
The kobold brigand is severely wounded.
The kobold brigand hits you with a +0 war axe.
The kobold brigand barely misses your kobold brigand zombie.
Your kobold brigand zombie closely misses the kobold brigand.
The kobold brigand closely misses you.
The kobold brigand barely misses your kobold brigand zombie.
You barely miss the kobold brigand.
The kobold brigand is severely wounded.
The kobold brigand barely misses you.
The kobold brigand hits your kobold brigand zombie with a +0 war axe.
The kobold brigand hits your kobold zombie with a +0 war axe.
The kobold brigand hits you with a +0 war axe.
* * * LOW HITPOINT WARNING * * *
The kobold brigand hits your kobold brigand zombie with a +0 war axe!
The kobold brigand hits your kobold zombie with a +0 war axe!
Your kobold zombie is destroyed!
Your kobold brigand zombie hits the kobold brigand.
The kobold brigand hits you with a +0 war axe!
* * * LOW HITPOINT WARNING * * *
The kobold brigand hits your kobold brigand zombie with a +0 war axe.
The kobold brigand hits you with a +0 war axe.
You die...

~~.......~~.
#~~.......~~##
.~~.......~~.
##~~.......~~###
..~~....(..~~..
##~~.......~~###.
..~~.....KK~~....
#~~.....@Z~~#
#~.......~##
####.).#### #...#
#...# #((.#
##'''## ##..∩(.##
#.......#


You could see 2 kobold brigands and a friendly kobold brigand zombie.

Vanquished Creatures
  Sigmund (D:6)
  An ice beast (D:6)
  An ogre (D:6)
  2 phantoms
  Blork the orc (D:6)
  A kobold brigand (Bailey)
  A gnoll sergeant (D:7)
  2 scorpions (D:3)
  3 wights
  A bullfrog zombie (D:7)
  A centaur zombie (D:7)
  4 hounds
  A jelly (D:4)
  A gnoll bouda (D:5)
  2 orc priests (D:6)
  4 orc wizards
  16 gnolls
  7 adders
  An ufetubus (D:5)
  A worm (D:2)
  2 dart slugs
  18 orcs
  7 ball pythons
  5 endoplasms
  3 giant cockroaches
  8 goblins
  2 hobgoblins
  3 quokkas
  2 bats
  2 frilled lizards
  6 kobolds
  8 rats
118 creatures vanquished.

Vanquished Creatures (collateral kills)
  A howler monkey zombie (D:7)
  A gnoll (D:7)
  2 orcs
4 creatures vanquished.

Vanquished Creatures (others)
  4 orc zombies
  3 gnoll zombies
  A kobold zombie (Bailey)
  4 withered plants (D:7)
12 creatures vanquished.

Grand Total: 134 creatures vanquished

Notes
Turn   | Place    | Note
-------+----------+-------------------------------------------
     0 | D:1      | Lavandula the Mummy Necromancer began the quest for the
                  | Orb.
     0 | D:1      | Reached XP level 1. HP: 13/13 MP: 4/4
   249 | D:2      | Reached XP level 2. HP: 19/19 MP: 2/5
   552 | D:2      | Identified the +3 robe "Pikumali" {Will+ Str+2}
   958 | D:2      | Gained mutation: You are in touch with the powers of death.
                  | [Mummy growth]
   958 | D:2      | Reached XP level 3. HP: 24/24 MP: 4/8
   962 | D:2      | Learned a level 3 spell: Vampiric Draining
  1447 | D:1      | Found a faded altar of an unknown god.
  1491 | D:3      | Noticed a scorpion
  1494 | D:3      | Killed a scorpion
  1495 | D:3      | Reached skill level 5 in Spellcasting
  1495 | D:3      | Reached XP level 4. HP: 30/30 MP: 6/11
  1501 | D:3      | Learned a level 4 spell: Animate Dead
  1658 | D:3      | Reached XP level 5. HP: 35/35 MP: 6/12
  1736 | D:3      | Reached skill level 5 in Necromancy
  1742 | D:3      | Learned a level 5 spell: Agony
  2520 | D:4      | Noticed a phantom
  2536 | D:4      | Killed a phantom
  2537 | D:4      | Reached skill level 6 in Necromancy
  2537 | D:4      | Reached XP level 6. HP: 38/41 MP: 14/14
  2956 | D:4      | Reached skill level 7 in Necromancy
  3335 | D:5      | Entered Level 5 of the Dungeon
  3584 | D:5      | Reached XP level 7. HP: 33/46 MP: 15/15
  4106 | D:5      | Reached skill level 8 in Necromancy
  4367 | D:6      | Noticed Sigmund
  4716 | D:6      | Noticed Blork the orc
  4744 | D:6      | Killed Blork the orc
  4745 | D:6      | Reached XP level 8. HP: 52/61 MP: 11/16
  4765 | D:6      | Killed Sigmund
  4766 | D:6      | Reached skill level 5 in Fighting
  4899 | D:6      | Found Ficer's Distillery.
  5040 | D:6      | Your ally Blork died
  5138 | D:7      | Found a broken altar of Ashenzari.
  5473 | D:7      | Learned a level 4 spell: Airstrike
  5523 | D:7      | Found a flagged portal.
  5561 | Bailey   | Entered a bailey
  5675 | Bailey   | Reached skill level 1 in Air Magic
  5683 | Bailey   | Slain by a kobold brigand

Illustrated notes

Levels and vault maps discovered:
D:1:      wheals_arrival_shading, layout_basic,
          dreamdust_ecumenical_altar_drowned_temple,
          hangedman_abyss_or_decor_lesser_grid
D:2:      layout_loops_ring
D:3:      layout_basic, minmay_misc_feat_tower, minmay_misc_feat_encased
D:4:      layout_gridville, chequers_serial_rivers_micro_e
D:5:      layout_layer_cave
D:6:      layout_cave_pools, serial_shops, kennysheep_mini_moat,
          portal_sewer_entry_e, uniq_sigmund, uniq_blork_the_orc
D:7:      layout_rooms, minitemple, minmay_temple_entry_nine_rooms,
          enter_bailey_3, serial_undead, serial_undead_d, serial_undead_d,
          serial_undead_a, serial_undead_e, serial_undead_b, serial_undead_c,
          serial_undead_e, hangedman_decor_points, minmay_misc_feat_diagonals
Bailey:   bailey_axe_3, bailey

Skill      XL: |  1  2  3  4  5  6  7  8 |
---------------+-------------------------+-----
Spellcasting   | 3 5 |  5.4
Necromancy     | 6 7 8 |  8.0
Fighting       | 4 5 |  5.7
Dodging        | 4 |  4.0
Air Magic      | 1 |  1.7
Stealth        | |  1.5

Action                     |  1- 3 |  4- 6 |  7- 9 || total
---------------------------+-------+-------+-------++-------
  Melee: Whip              |     2 |       |       ||     2
         Hand axe          |       |    47 |    46 ||    93
         Punch             |       |       |     1 ||     1
         Falchion          |       |       |    54 ||    54
   Cast: Necrotise         |    48 |    73 |    70 ||   191
         Vampiric Draining |       |     1 |    12 ||    13
         Animate Dead      |       |       |     4 ||     4
         Agony             |       |       |     2 ||     2
  Evoke: Wand              |       |     5 |     5 ||    10
    Use: Scroll            |       |     1 |     4 ||     5
   Stab: Sleeping          |       |     1 |       ||     1
         Invisible         |       |       |     1 ||     1
 Armour: Robe              |     2 |    19 |    34 ||    55
  Dodge: Dodged            |     6 |    49 |   121 ||   176

Table legend: (Time is in decaauts)
 A = Elapsed time spent in this place.
 B = Non-inter-level travel time spent in this place.
 C = Inter-level travel time spent in this place.
 D = Time resting spent in this place.
 E = Time spent auto-exploring this place.
 F = Levels seen in this place.
 G = Mean time per level.
                   A        B        C        D        E       F      G
               +--------+--------+--------+--------+--------+-----+--------+
         Total |   5729 |   5497 |    232 |    453 |   3789 |   8 |  716.1 |
       Dungeon |   5605 |   5373 |    232 |    371 |   3784 |   7 |  800.7 |
        Bailey |    124 |    124 |      0 |     82 |      5 |   1 |  124.0 |
               +--------+--------+--------+--------+--------+-----+--------+

Top non-repeatable levels by time:
     D:6: 1073 daAuts
     D:5: 962 daAuts
     D:4: 951 daAuts
     D:3: 899 daAuts
     D:2: 854 daAuts
     D:1: 636 daAuts
     D:7: 227 daAuts
  Bailey: 124 daAuts
